← All builds
Tech / Armada / Economy first / OBSERVED BUILD

Standard tech

Armada Tech (Eco) build order · Supreme Isthmus

Rushes T2 by 4:15, gets Advanced Metal Extractor around 5:28, hands off T2 constructors to Geo and the team, then scales eco and supplies the team's T2 needs through the rest of the game.

Usually first T2 con to Geo (83%)

#eco #t2 #team support · 1579 distinct matches · 255 players · 58% of Armada Tech games · team won 53% of 1874 · Recently observed

HOW TO PLAY IT

Key timing: T2 factory by 4:15

  1. Open 3 mex and heavy wind to fund a fast T2 rush.
  2. Put down Bot Lab, planning to eat it for reclaim soon after.
  3. Get Advanced Bot Lab up, hitting the T2 factory rush timing.
  4. Upgrade mex to Advanced Metal Extractor to lock in team metal income.
  5. Eat Advanced Bot Lab and keep sending cons to Geo and Pond.

Phase by phase

TYPICAL OF ITS 1579 GAMES
  1. 1
  2. 2
  3. 3
  4. 4
PLAY THE OPENING

Follow the example game's first 6:00 step by step: what to build now, what comes next, and where it goes. At 1× it keeps pace with your own game.

  1. 1

    Up to the Bot Lab

    Economy
    • Metal Extractor3Mex
    • Wind Turbine4Wind
    Order
    1. Bot LabBot Lab after 3 mex, 4 winddone ~1:18, middle half 1:13–1:32

    Some games also: energy storage (31%)

    By 1:01 in all: 3 mex · 4 wind

    The example game in this phase · 3 steps
    1. Mex ×3
    2. Wind ×3
    3. Bot LabBot Labdone 1:09 · typical 1:18
  2. 2

    Bot Lab to Advanced Bot Lab

    Economy
    • Metal Extractor1Mex
    • Wind Turbine8Wind
    • Energy Storage1Energy storage
    Order
    1. Advanced Bot LabAdvanced Bot Lab after 4 mex, 12 wind, 3 con turretdone ~4:16, middle half 4:04–4:30
    Builders
    • Construction Turret3 Con turret
    • Lazarus3 Lazarus
    • Construction Bot2 Con bot
    • Construction Bot1 Con bot for allies

    Some games also: converter (36%)

    By 3:18 in all: 4 mex · 12 wind · 1 energy storage · 3 con turret

    The example game in this phase · 26 steps
    1. Construction BotCon bot
    2. Wind ×2
    3. LazarusLazarus
    4. Wind
    5. LazarusLazarus
    6. Wind
    7. LazarusLazarus
    8. Wind
    9. Mex
    10. Wind
    11. Energy storage
    12. PawnPawn ×3for Front
    13. Wind
    14. LazarusLazarus
    15. Construction BotCon botfor Air
    16. Construction BotCon bot
    17. Wind
    18. Converter
    19. Con turret
    20. Converter
    21. Wind
    22. Converter
    23. Wind
    24. Con turret ×2
    25. Wind
    26. Advanced Bot LabAdvanced Bot Labdone 4:40 · typical 4:16
  3. 3

    Advanced Bot Lab to 5:00

    Economy
    • Wind Turbine3Wind
    Order
    1. Bot LabEat Bot Lab
    Builders
    • Advanced Construction Bot1 T2 con bot for allies

    Some games also: converter (35%)

    By 5:00 in all: 4 mex · 15 wind · 1 converter · 1 energy storage · 3 con turret

    The example game in this phase · 6 steps
    1. Converter
    2. Bot LabEat Bot Labreclaimed for its metal
    3. Wind ×2
    4. Advanced Construction BotT2 con botfor Air
    5. Wind
    6. Advanced Metal ExtractorT2 mexdone 5:17 · typical 5:29
  4. 4

    5:00 to 10:00

    Economy
    • Wind Turbine43Wind
    • Energy Converter6Converter
    Builders
    • Butler9 Butler
    • Advanced Construction Bot4 T2 con bot for allies
    • Advanced Construction Bot1 T2 con bot

    Some games also: con turret (43%) · Butler for allies (36%)

    By 10:00 in all: 4 mex · 58 wind · 8 converter · 1 energy storage · 3 con turret

    The example game in this phase · 97 steps
    1. Advanced Metal ExtractorT2 mex
    2. Wind
    3. Advanced Metal ExtractorT2 mex
    4. Advanced Construction BotT2 con botfor Geo
    5. Wind ×3
    6. Converter ×2
    7. Advanced Construction BotT2 con botfor Geo sea
    8. Converter
    9. Wind ×2
    10. ButlerButler
    11. Wind ×4
    12. ButlerButler
    13. Wind ×2
    14. Advanced Metal ExtractorT2 mex
    15. Wind
    16. Advanced Construction BotT2 con bot ×2for Pond
    17. Wind
    18. ButlerButler ×2
    19. Wind
    20. ButlerButler ×4
    21. Wind ×2
    22. ButlerButler
    23. Wind ×4
    24. ButlerButler
    25. Converter
    26. Wind ×3
    27. Converter
    28. Wind
    29. ButlerButler
    30. Wind ×6
    31. Converter
    32. ButlerButler
    33. Wind ×6
    34. ButlerButlerfor Suicide front
    35. Wind ×2
    36. Converter
    37. Wind ×5
    38. ButlerButlerfor Suicide front
    39. Converter
    40. Wind ×8
    41. Converter
    42. Advanced Construction BotT2 con botfor Suicide front
    43. Wind ×5
    44. Converter
    45. Wind ×10
    46. Converter
    47. Wind ×5
    48. Advanced Construction BotT2 con botfor Front
    49. Wind ×2
    50. Converter ×2
    51. Wind ×8
    52. Converter
    53. Wind ×5
    54. Converter
    55. Wind
    56. Advanced Construction BotT2 con bot
    57. Wind ×4
    58. Converter ×2
    59. Wind ×7
    60. Converter
    61. Wind ×4
    62. Advanced Construction BotT2 con bot
    63. Wind ×5
    64. Converter
    65. T2 converter
    66. Wind ×9
    67. Converter
    68. Wind
    69. GhostGhost
    70. Wind ×8
    71. Converter
    72. Wind ×7
    73. Converter
    74. Wind ×9
    75. Con turret
    76. Converter
    77. Wind ×6
    78. Con turret
    79. Wind ×3
    80. Converter
    81. Wind ×7
    82. Fusion ReactorFusionnot finished by 15:00
    83. Con turret
    84. Converter
    85. Wind ×4
    86. T2 converter
    87. Wind ×5
    88. Converter
    89. Wind ×8
    90. Converter
    91. Wind ×8
    92. Converter
    93. Wind ×6
    94. Converter
    95. Wind ×9
    96. Converter
    97. Wind ×3

Counts are medians over the build's games: half of them build more, half fewer. The example game is kellanvad's (34 OS, 02/09/2026); pick another.

Team trades

IN AT LEAST 30% OF ITS GAMES

You hand over

  • Construction Bot1 Con bot to Airfirst at 2:23 · in 84% of games
  • Advanced Construction Bot5 T2 con bot to Air or Geo sea or Pondfirst at 4:50 · in 99% of games
  • Butler2 Butler to Geo sea or Beach sea or Pondfirst at 9:07 · in 42% of games

You get

  • Hercules1 Light transport from Airfirst at 4:01 · in 86% of games

How it plays out

Typical game of this build, running totals by minute

Metal produced

020k40k
0:005:0010:0015:00

metal

Enemy metal destroyed

050100
0:005:0010:0015:00

metal

Own metal lost

050100150
0:005:0010:0015:00

metal

1874 games.

Show as table
ByMetal produced: This buildEnemy metal destroyed: This buildOwn metal lost: This build
1:0038300
2:0091500
3:00165100
4:00314400
5:00484700
6:00580000
7:00722700
8:00906100
9:001117300
10:001350300
11:001624200
12:001965600
13:002344500
14:0027362073
15:003154285130
WHAT THE NUMBERS SAY

Standard Tech play barely fights at all early, instead pouring metal into T2 infrastructure and constructors for the team.

  • + Metal produced hits 31679 by 15:00, by far the highest of any role here.
  • + T2 factory reached in 97% of games by 4:15, fastest and most reliable T2 timing.
  • − Enemy metal destroyed stays at 0 through 10:00, no early offense at all.
  • − Own metal lost also near 0, showing total avoidance of combat risk.
THE EXAMPLE YOU ARE READING

kellanvad

33.5 OS · 02/09/2026

Open source match ↗

1 received units
860 metal received · 54538 energy received

Allied construction assistance is unknown. Timings are observations, not a promise of solo reproducibility.

Typical milestones

Bot Lab1:18Middle 50%: 1:13–1:32 · n=1874
Advanced Bot Lab4:16Middle 50%: 4:04–4:30 · n=1867
Advanced Metal Extractor5:29Middle 50%: 5:05–5:59 · n=1870

Played most by

Amrissa93games of this buildTheGeneraI66games of this buildAdeus57games of this buildEl_Turco56games of this buildKOT_43games of this build